SCURSCUM, neutral female scurrid Archeologist ----------.----- ##|c........``.``. #..c.......`.`cc| |...@......````. |.........`````| ---------------- SCURSCUM the Digger Experience level: 1 Strength: 12 Dexterity: 13 Constitution: 12 Intelligence: 13 Wisdom: 14 Charisma: 11 Health: 2(12) Energy: 2(2) Def: 2 Gold: 256 Moves: 155 Dungeon seed: nfTzbSMWFY5S9B1G Game ID: SCURSCUM_1498685332 Your Inventory: Coins $ - 256 gold pieces Weapons a - an uncursed +2 bullwhip h - an uncursed +0 boomerang (in quiver) Armor e - an uncursed +0 leather jacket (being worn) n - an uncursed +0 pair of leather gloves (being worn) Comestibles b - 3 uncursed chestnuts Scrolls j - an uncursed scroll of destroy armor k - a cursed scroll of teleportation Wands d - an uncursed wand of light (0:12) i - an uncursed wand of lightning (0:4) Tools c - an uncursed pair of lenses f - an uncursed sack g - an uncursed tin opener (alternate weapon; not wielded) Gems q - an uncursed touchstone Spells and supernatural/magical abilities: Name Level Category Fail Memory W - pray for help -- divine ? -- Your skills at the end: Miscellaneous Skills wands [Basic] Weapon Skills boomerang [Basic] whip [Basic] Spellcasting Skills Final Attributes: You were devoutly aligned. You had infravision. You were very stealthy. You are dead. Voluntary challenges: You went without food. You did not adorn yourself with jewelry or accessories. You did not cause conflict. You were not invisible. You did not have reflection. You were not displaced. You were an atheist. You never hit with a wielded weapon. You were a pacifist. You did not use tools. You did not use plumbed fixtures. You did not drink any magical draughts. You were illiterate. You never genocided any monsters. You never polymorphed an object. You never changed form. You used no wishes. You never split a pudding. You never wrote Elbereth's name. You never violated your personal moral code. Dungeon overview: The Dungeons of Doom: levels 1 to 19 Level 1 a fountain a long staircase Level 2 Level 3 Level 4 Level 5 Level 6 Level 7 Level 8 Level 9 Level 10 Level 11 Level 12 Level 13 Level 14 Level 15 Level 16 Level 17 Level 18 Level 19 <- You were here History has recorded: On T:1 you entered the Dungeons of Doom to retrieve the Amulet of Yendor! On T:6 you reached level 2 of The Dungeons of Doom. On T:45 you reached level 3 of The Dungeons of Doom. On T:48 you reached level 4 of The Dungeons of Doom. On T:50 you reached level 5 of The Dungeons of Doom. On T:52 you reached level 6 of The Dungeons of Doom. On T:54 you reached level 7 of The Dungeons of Doom. On T:56 you reached level 8 of The Dungeons of Doom. On T:58 you reached level 9 of The Dungeons of Doom. On T:60 you reached level 10 of The Dungeons of Doom. On T:62 you reached level 11 of The Dungeons of Doom. On T:65 you reached level 12 of The Dungeons of Doom. On T:67 you reached level 13 of The Dungeons of Doom. On T:69 you reached level 14 of The Dungeons of Doom. On T:71 you reached level 15 of The Dungeons of Doom. On T:75 you reached level 16 of The Dungeons of Doom. On T:78 you reached level 17 of The Dungeons of Doom. On T:78 you entered the Rogue tribute level. On T:80 you reached level 18 of The Dungeons of Doom. On T:85 you reached level 19 of The Dungeons of Doom. Score breakdown: Gold: 256 ( 25 points) Experience: 1 level ( 0 points) Exploration: 19 levels ( 540 points) Discoveries: 3 items ( 150 points) Variety of kills: 0 monsters ( 0 points) Major goal: (nothing yet) ( 0 points) Survival: died (score multiplied by 3) Total score: 2145 Latest messages: The chickatrice bites! The chickatrice touches you! You hear the chickatrice's hissing! You start chewing a hole in the rock. You continue digging. You make an opening in the wall. You finish searching. The chickatrice bites! The chickatrice touches you! This door is locked. You start chewing a hole in the door. You continue chopping at the door. You break through the door. The chickatrice bites! The chickatrice touches you! You hear the chickatrice's hissing! Your limbs are stiffening. Your limbs are turning to stone. Your limbs have turned to stone. You have turned to stone. You are a statue. The sack is empty. The sack is empty. Final status: Goodbye SCURSCUM the Archeologist, petrified by a chickatrice, while unable to move due to turning to stone... You turned to stone in The Dungeons of Doom on dungeon level 19 with 2145 points, and 256 pieces of gold, after 155 moves. You were level 1 with a maximum of 12 hit points when you turned to stone.